 Dungeon Crawl Stone Soup version 0.23.1 (webtiles) character file.

Game seed: 14373555795410023133

39 Borgoz the Cutter (level 3, -8/30 HPs)
             Began as a Ghoul Gladiator on Mar 8, 2019.
             Mangled by an iguana (13 damage)
             ... on level 2 of the Dungeon.
             The game lasted 00:01:18 (988 turns).

Borgoz the Cutter (Ghoul Gladiator)                  Turns: 988, Time: 00:01:19

Health: -8/30      AC:  4    Str: 17    XL:     3   Next: 47%
Magic:  2/2        EV: 12    Int:  4    God:
Gold:   54         SH:  0    Dex: 10    Spells: 2/2 levels left

rFire    . . .     SeeInvis .   a - +0 rapier
rCold    + . .     Gourm    .   (no shield)
rNeg     + + +     Faith    .   b - +0 leather armour
rPois    ∞         Spirit   .   c - +0 helmet
rElec    .         Reflect  .   (no cloak)
rCorr    .         Harm     .   (no gloves)
MR       .....                  (no boots)
Stlth    +.........             (no amulet)
HPRegen  0.00/turn              (no ring)
MPRegen  0.08/turn              (no ring)

@: rotting
A: rotting body, claws 1, carnivore, cold resistance 1, negative energy
resistance 3, inhibited regeneration, torment resistance, unbreathing
a: no special abilities


You were on level 2 of the Dungeon.
You were not hungry.

You visited 1 branch of the dungeon, and saw 2 of its levels.

You collected 54 gold pieces.

Inventory:

Hand Weapons
 a - a +0 rapier (weapon)
Missiles
 d - 3 throwing nets (quivered)
Armour
 b - a +0 leather armour (worn)
 c - a +0 helmet (worn)
Jewellery
 k - a +4 ring of evasion {unknown}
Scrolls
 e - a scroll of random uselessness {unknown}
 g - 2 scrolls of amnesia {unknown}
 h - 2 scrolls of remove curse {unknown}
 i - a scroll of identify {unknown}
 l - a scroll of enchant armour {unknown}
Comestibles
 f - a ration
 j - a chunk of flesh


   Skills:
 + Level 2.4 Fighting
 + Level 3.4 Short Blades
 - Level 1.7 Throwing
 + Level 0.4 Armour
 + Level 3.0 Dodging


You had 2 spell levels left.
You didn't know any spells.
Your spell library was empty.

Dungeon Overview and Level Annotations

Branches:
Dungeon (2/15)

Altars:
Ashenzari
Ru

Annotations:
D:2 Sigmund


Innate Abilities, Weirdness & Mutations

Your body is rotting away.
You thrive on raw meat.
You are immune to poison.
You have sharp fingernails.
You are carnivorous and can eat meat at any time.
Your flesh is cold resistant. (rC+)
You are immune to negative energy. (rN+++)
You do not regenerate when monsters are visible.
You are immune to unholy pain and torment.
You can survive without breathing.


Message History

You hit the iguana.
The iguana is moderately wounded.
The iguana bites you. The iguana completely misses you.
You hit the iguana.
The iguana is heavily wounded.
The iguana bites you but does no damage.
You closely miss the iguana.
The iguana is heavily wounded.
The iguana bites you.
* * * LOW HITPOINT WARNING * * *
The frilled lizard barely misses you.
You closely miss the iguana.
The iguana is heavily wounded.
The iguana bites you.
* * * LOW HITPOINT WARNING * * *
You aren't carrying any potions.
Eat one of 2 chunks of flesh? (ye/n/q)
You eat one of the 2 chunks of flesh.
This raw flesh tastes great!
The iguana bites you!
You die...

#......(.# #........#
#........# #.%......
##....... ####
#....... ....# #.#
#..#.[.... #.####...#
#.#.@ll.##
######.#.###.#
#........# ...
...##..#### ##[.#
...#####.## #.##
#........# ..# .#
######.#.## #.##.##
#..#..#### #.##..#
#..###...>######.##..#


You could see an iguana and a frilled lizard.

Vanquished Creatures
  An adder (D:2)
  An ooze (D:1)
  A worm (D:2)
  2 dart slugs (D:1)
  A leopard gecko (D:1)
  4 goblins
  3 hobgoblins (D:1)
  2 jackals (D:1)
  A kobold (D:1)
  A bat (D:2)
17 creatures vanquished.

Notes
Turn   | Place    | Note
-------+----------+-------------------------------------------
     0 | D:1      | Borgoz the Ghoul Gladiator began the quest for the Orb.
     0 | D:1      | Reached XP level 1. HP: 17/17 MP: 0/0
    81 | D:1      | Reached XP level 2. HP: 10/24 MP: 1/1
   805 | D:2      | Found a sacrificial altar of Ru.
   806 | D:2      | Found a shattered altar of Ashenzari.
   806 | D:2      | Noticed Sigmund
   814 | D:1      | Reached XP level 3. HP: 20/30 MP: 2/2
   987 | D:2      | HP: 1/30 [iguana (3)]
   988 | D:2      | Mangled by an iguana

Skill      XL: |  1  2 |
---------------+-------+-----
Short Blades   | 3 |  3.4
Dodging        | 3 |  3.0
Fighting       | |  2.4
Throwing       | |  1.7
Armour         | |  0.4

Action                   || total
-------------------------++-------
Melee: Rapier            ||    65
  Eat: Chunk             ||     7
Armor: Leather armour    ||    14
Dodge: Dodged            ||    33
